 Dungeon Crawl Stone Soup version 0.28.0-1-gb440e238dd (webtiles) character file.

Game seed: 11785899431838321517

41 croobank the Sneak (level 3, -2/26 HPs)
             Began as an Octopode Delver on Feb 21, 2022.
             Slain by a water moccasin skeleton (6 damage)
             ... on level 4 of the Dungeon.
             The game lasted 00:01:16 (127 turns).

croobank the Sneak (Octopode Delver)                 Turns: 127, Time: 00:01:17

Health: -2/26      AC:  1    Str: 13    XL:     3   Next: 52%
Magic:  3/3        EV: 13    Int: 12    God:
Gold:   59         SH:  0    Dex: 13    Spells: 2/2 levels left

rFire   . . .      SeeInvis .   a - +0 hand axe
rCold   . . .      Faith    .   (no shield)
rNeg    . . .      Spirit   .   (helmet restricted)
rPois   .          Reflect  .   (no amulet)
rElec   .          Harm     .   (no ring)
rCorr   .          Rampage  .   (no ring)
Will    .....                   (no ring)
Stlth   ++++......              (no ring)
HPRegen 0.08/turn               (no ring)
MPRegen 0.08/turn               (no ring)
                                (no ring)
                                (no ring)

@: hasted, very quick
A: almost no armour, amphibious, 8 rings, camouflage 1, gelatinous body 1,
(nimble swimmer 1), tentacles
a: no special abilities


You were on level 4 of the Dungeon.
You visited 1 branch of the dungeon, and saw 2 of its levels.

You collected 59 gold pieces.

Inventory:

Hand Weapons
 a - a +0 hand axe (weapon)
 g - a +0 hand crossbow
Missiles
 h - 14 sling bullets
Wands
 f - a wand of digging (3)
Scrolls
 b - a scroll of fog
 c - a scroll of magic mapping
 d - a scroll of fear


   Skills:
 + Level 3.4 Fighting
 + Level 2.5 Axes
 + Level 2.5 Dodging
 + Level 7.0 Stealth


You had 2 spell levels left.
You didn't know any spells.
Your spell library was empty.

Dungeon Overview and Level Annotations

Branches:
Dungeon (5/15)
 Temple: D:4-7

Altars:

Shops:
D:5 *[


Innate Abilities, Weirdness & Mutations

You cannot wear most types of armour.
You are amphibious.
You can wear up to eight rings at the same time.
Your skin changes colour to match your surroundings (Stealth+).
Your rubbery body absorbs attacks. (AC +1, EV +1)
((You are camouflaged when in or above water. (Stealth+)))
You have tentacles for arms and can constrict up to eight enemies at once.


Message History

An adder comes into view.
Unknown command.
You hit the hound. Your grab misses the hound.
The hound is moderately wounded.
The hound bites you. The hound misses you.
You hit the hound. Your grab misses the hound. Your squeeze misses the hound.
The hound is severely wounded.
The hound bites you. x2
You hit the hound.
You kill the hound!
Your Stealth skill increases to level 7!
You have reached level 3!
Your experience leads to an increase in your attributes!
Increase (S)trength, (I)ntelligence, or (D)exterity?
You feel stronger. x2
You start resting.
An adder is nearby!
A water moccasin skeleton comes into view.
The water moccasin skeleton bites you.
You hit the water moccasin skeleton. You grab the water moccasin skeleton.
You tentacle-slap the water moccasin skeleton.
The water moccasin skeleton is lightly damaged.
You constrict the water moccasin skeleton.
The water moccasin skeleton bites you but does no damage.
You slash the water moccasin skeleton!
The water moccasin skeleton is moderately damaged.
You constrict the water moccasin skeleton.
The water moccasin skeleton bites you.
* * * LOW HITPOINT WARNING * * *
You slash the water moccasin skeleton!
You squeeze the water moccasin skeleton.
The water moccasin skeleton is severely damaged.
You constrict the water moccasin skeleton.
The water moccasin skeleton closely misses you.
The water moccasin skeleton bites you.
* * * LOW HITPOINT WARNING * * *
You feel yourself speed up.
You constrict the water moccasin skeleton.
The water moccasin skeleton bites you.
You die...

#...#############.#
#...## #.......
####....####
#.####.#
.S.........# #.#
###.#...##.# #..
#.###..# # ### ..#
##.# # ### ##..# #
#@#.# # #Z##.# # #.
#.# # #. #.# # #.
#.. # .. ... # #.
## #.


You could see a water moccasin skeleton.

Vanquished Creatures
  A hound (D:4)
  A hound skeleton (D:4)
2 creatures vanquished.

Notes
Turn   | Place    | Note
-------+----------+-------------------------------------------
     0 | D:5      | croobank the Octopode Delver began the quest for the Orb.
     0 | D:5      | Reached XP level 1. HP: 16/16 MP: 1/1
    14 | D:5      | Found Sediotru's Antique Armour Shop.
    95 | D:4      | Reached XP level 2. HP: 20/21 MP: 2/2
   116 | D:4      | Reached skill level 7 in Stealth
   116 | D:4      | Reached XP level 3. HP: 12/26 MP: 3/3
   127 | D:4      | Slain by a water moccasin skeleton

Illustrated notes

Levels and vault maps discovered:
D:4:      layout_loops_ring, chequers_temple_overflow_minitemple, uniq_menkaure,
          uniq_blork_the_orc, uniq_sigmund
D:5:      lemuel_castle_with_subvaults [lemuel_castle_interior_original],
          layout_rooms, serial_shops, nicolae_shop_hallway_stairs,
          nicolae_shop_overcharged_wands

Skill      XL: |  1  2 |
---------------+-------+-----
Stealth        | 7 |  7.0
Fighting       | |  3.4
Axes           | |  2.5
Dodging        | |  2.5

Action                   || total
-------------------------++-------
Melee: Hand axe          ||     8
       Tentacles         ||     3
       Constrict         ||     2
       Punch             ||     1
  Use: Potion            ||     1
Armor: Skin              ||     1
Dodge: Dodged            ||     4
